 Dungeon Crawl Stone Soup version 0.22-a0-126-g307c7c3 (webtiles) character file.

590 SnubMonkey the Archer (level 7, -2/60 HPs)
             Began as a Centaur Hunter on Jan 30, 2018.
             Was an Initiate of Okawaru.
             Slain by a bullfrog (4 damage)
             ... on level 6 of the Dungeon.
             The game lasted 00:12:46 (6382 turns).

SnubMonkey the Archer (Centaur Hunter)              Turns: 6382, Time: 00:12:47

Health: -2/60      AC:  4    Str: 16    XL:     7   Next: 16%
Magic:  7/7        EV:  9    Int: 10    God:    Okawaru [......]
Gold:   167        SH:  0    Dex: 10    Spells: 6/6 levels left

rFire    . . .     SeeInvis .   w - -3 quarterstaff (curse)
rCold    . . .     Gourm    .   (shield currently unavailable)
rNeg     . . .     Faith    .   q - +0 leather armour
rPois    .         Spirit   .   (no helmet)
rElec    .         Reflect  .   (no cloak)
rCorr    .         Harm     .   (no gloves)
MR       .....                  (no barding)
Stlth    +.........             (no amulet)
HPRegen  0.20/turn              (no ring)
MPRegen  0.10/turn              (no ring)

@: flying, hasted, very quick
A: large, hooves 3, deformed body, speed 2, tough skin 3
a: Renounce Religion


You were on level 6 of the Dungeon.
You worshipped Okawaru.
Okawaru was noncommittal.
You were not hungry.

You visited 2 branches of the dungeon, and saw 7 of its levels.

You collected 167 gold pieces.

Inventory:

Hand Weapons
 a - a +1 shortbow
 b - a +0 short sword
 c - a -2 quarterstaff
 w - a cursed -3 quarterstaff (weapon)
 z - a +0 dagger
Missiles
 d - 22 arrows (quivered)
Armour
 m - a +0 ring mail
 q - a +0 leather armour (worn)
 r - a +0 scale mail
Jewellery
 k - a cursed -3 ring of slaying {unknown}
 t - a cursed -4 ring of strength {unknown}
Scrolls
 e - a scroll of enchant armour {unknown}
 g - a scroll of magic mapping {unknown}
 h - a scroll of amnesia {unknown}
 i - 3 scrolls of teleportation
 l - a scroll of blinking {unknown}
 s - a scroll of fear {unknown}
 v - a scroll of random uselessness {unknown}
 x - 2 scrolls of identify {unknown}
 y - 2 scrolls of immolation
Potions
 j - a potion of curing
 n - a potion of invisibility {unknown}
Comestibles
 f - 11 rations
 p - 3 chunks of flesh


   Skills:
 + Level 4.6 Fighting
 - Level 1.2 Staves
 * Level 9.6 Bows
 - Level 1.3 Dodging
 - Level 0.4 Stealth


You had 6 spell levels left.
You didn't know any spells.

Dungeon Overview and Level Annotations

Branches:
Dungeon (6/15)             Temple (1/1) D:4

Altars:
Ashenzari
Cheibriados
Dithmenos
Elyvilon
Fedhas
Kikubaaqudgha
Nemelex Xobeh
Okawaru
Qazlal
Ru
Sif Muna
Trog
Uskayaw
Wu Jian
Xom
The Shining One

Shops:
D:4 *

Annotations:
D:6 Prince Ribbit


Innate Abilities, Weirdness & Mutations

You have hooves in place of feet.
Armour fits poorly on your strangely shaped body.
You cover ground very quickly.
You have extremely tough skin. (AC +3)


Message History

The hound closely misses you. The bullfrog closely misses you.
You hit the hound. Your kick misses the hound.
The hound is heavily wounded.
The hound bites you.
* * * LOW HITPOINT WARNING * * *
The bullfrog hits you.
* * * LOW HITPOINT WARNING * * *
The hound bites you.
* * * LOW HITPOINT WARNING * * *
It was a potion of haste.
You feel yourself speed up. The bullfrog completely misses you.
The hound barely misses you. The bullfrog barely misses you.
It was a potion of flight.
You feel very buoyant.
You fly up into the air.
The hound barely misses you. The bullfrog closely misses you.
You completely miss the bullfrog. The hound bites you.
* * * LOW HITPOINT WARNING * * *
The bullfrog hits you.
You die...

. .. . #
... #..
#.#####....
#..
#.#........
#..
#...h......
#@F..#
#####..#


You could see a bullfrog and a hound.

Vanquished Creatures
  The ghost of roguesci the Magician, an amateur DsWz (D:4)
  2 scorpions (D:4)
  A crimson imp (D:4)
  A bullfrog skeleton (D:6)
  2 orc wizards
  3 worker ants
  A worker ant zombie (D:5)
  4 gnolls (D:3)
  6 adders
  2 adder zombies (D:5)
  3 worms
  A dart slug (D:3)
  2 leopard geckos
  7 orcs
  5 bats
  8 giant cockroaches
  8 goblins
  9 hobgoblins
  6 jackals
  9 kobolds
  2 quokkas
  2 ball pythons (D:2)
  4 frilled lizards
  7 rats
96 creatures vanquished.

Notes
Turn   | Place    | Note
-------+----------+-------------------------------------------
     0 | D:1      | SnubMonkey the Centaur Hunter began the quest for the Orb.
     0 | D:1      | Reached XP level 1. HP: 17/17 MP: 1/1
    89 | D:1      | Reached XP level 2. HP: 23/24 MP: 2/2
   300 | D:1      | Reached skill level 6 in Bows
   500 | D:1      | Reached XP level 3. HP: 21/30 MP: 3/3
   957 | D:2      | Found a hide-covered altar of Uskayaw.
  1836 | D:3      | Reached XP level 4. HP: 37/37 MP: 4/4
  2474 | D:3      | Reached skill level 7 in Bows
  2639 | D:3      | Found a sacrificial altar of Ru.
  3215 | D:3      | Reached skill level 1 in Staves
  3354 | D:3      | Reached XP level 5. HP: 45/45 MP: 5/5
  3554 | D:4      | Noticed roguesci's ghost (amateur DsWz)
  4000 | D:4      | Reached skill level 8 in Bows
  4280 | D:4      | Found a white marble altar of Elyvilon.
  4281 | D:4      | Found a stormy altar of Qazlal.
  4282 | D:4      | Found a shadowy altar of Dithmenos.
  4283 | D:4      | Found a sacrificial altar of Ru.
  4508 | D:4      | Reached XP level 6. HP: 52/52 MP: 6/6
  4554 | D:4      | Killed roguesci's ghost
  4818 | D:4      | Found a staircase to the Ecumenical Temple.
  4933 | D:4      | Reached skill level 9 in Bows
  4972 | Temple   | Entered the Ecumenical Temple
  5016 | Temple   | Became a worshipper of Warmaster Okawaru
  5108 | D:4      | Found Reubish's Assorted Antiques.
  5401 | D:5      | Entered Level 5 of the Dungeon
  5460 | D:5      | HP: 2/52 [crimson imp (1)]
  5819 | D:5      | Reached XP level 7. HP: 55/60 MP: 7/7
  6324 | D:5      | Noticed a two-headed ogre
  6354 | D:6      | Noticed Prince Ribbit
  6382 | D:6      | HP: 2/60 [hound (3)]
  6382 | D:6      | Slain by a bullfrog

Vault maps used:
D:1:      lemuel_arrival_behind_the_door_small
D:2:      eat_drink_and_be_merry_uskayaw
D:3:      nicolae_ru_awakened_eye
D:4:      chequers_temple_overflow_statue_of_worship,
          minmay_temple_entry_glassed_door, serial_shops, kennysheep_mini,
          first_ration, st_stairs_3
D:5:      serial_shops, nicolae_shop_statue_plus
D:6:      fiery_altar_vehumet, gammafunk_temple_overflow_statue, serial_shops,
          shop_coins, uniq_blork_the_orc, uniq_prince_ribbit1
Temple:   minmay_temple_bridge_abc

Skill      XL: |  1  2  3  4  5  6 |
---------------+-------------------+-----
Bows           | 6 7 8 9 |  9.6
Fighting       | 3 4 |  4.6
Staves         | 1 |  1.2
Dodging        | |  1.3
Stealth        | |  0.4

Action                   |  1- 3 |  4- 6 |  7- 9 || total
-------------------------+-------+-------+-------++-------
Melee: Short sword       |   115 |   138 |    50 ||   303
       Kick              |    17 |    36 |     8 ||    61
       Quarterstaff      |       |       |    18 ||    18
 Fire: Shortbow          |    13 |    85 |     3 ||   101
  Use: Scroll            |       |     4 |       ||     4
       Potion            |       |     4 |     2 ||     6
  Eat: Chunk             |     2 |     9 |       ||    11
       Ration            |       |     1 |       ||     1
Armor: Leather armour    |    40 |    51 |    28 ||   119
Dodge: Dodged            |    54 |    76 |    43 ||   173

Table legend:
 A = Spawn XP
 B = Non-spawn XP
 C = Spawn XP percentage of total XP
 D = Spawn monster count
 E = Non-spawn monster count
 F = Spawn count percentage of total count
 G = Total turns spent on level
                    A         B        C        D         E        F      G
               +---------+---------+-------+---------+---------+-------+---------
         Total |       0 |     844 |   0.0 |       0 |      96 |   0.0 |  6382
               +---------+---------+-------+---------+---------+-------+---------
           D:1 |       0 |      43 |   0.0 |       0 |      23 |   0.0 |   773
           D:2 |       0 |      50 |   0.0 |       0 |      18 |   0.0 |  1053
           D:3 |       0 |     146 |   0.0 |       0 |      26 |   0.0 |  2006
           D:4 |       0 |     463 |   0.0 |       0 |      17 |   0.0 |  1793
           D:5 |       0 |     101 |   0.0 |       0 |      11 |   0.0 |   657
           D:6 |       0 |      41 |   0.0 |       0 |       1 |   0.0 |    22
               +---------+---------+-------+---------+---------+-------+---------
